 Dungeon Crawl Stone Soup version 0.19.0-2-gae57169 (webtiles) character file.

63 Danakh the Shield-Bearer (level 4, -5/29 HPs)
             Began as a Gargoyle Fighter on Nov 6, 2016.
             Was an Initiate of Okawaru.
             Slain by an ogre
             ... wielding a +0 giant spiked club
              (17 damage)
             ... on level 3 of the Dungeon.
             The game lasted 00:03:53 (1283 turns).

Danakh the Shield-Bearer (Gargoyle Fighter)         Turns: 1283, Time: 00:03:54

Health: -5/29      AC: 10    Str: 21    XL:     4   Next: 9%
Magic:  4/4        EV:  7    Int:  8    God:    Okawaru [......]
Gold:   171        SH:  9    Dex:  9    Spells: 0 memorised, 3 levels left

rFire  . . .     SeeInvis .     a - +0 war axe
rCold  . . .     Gourm    .     b - +0 scale mail
rNeg   + . .     Faith    .     c - +0 shield
rPois  ∞         Spirit   .     (no helmet)
rElec  +         Reflect  .     (no cloak)
rCorr  .         Harm     .     (no gloves)
MR     .....                    (no boots)
Stlth  ..........               (no amulet)
                                (no ring)
                                (no ring)

@: no status effects
A: negative energy resistance 1, electricity resistance, unbreathing,
petrification resistance, rot immunity, AC +3
a: Renounce Religion


You were on level 3 of the Dungeon.
You worshipped Okawaru.
Okawaru was noncommittal.
You were not hungry.

You visited 1 branch of the dungeon, and saw 3 of its levels.

You collected 171 gold pieces.

Inventory:

Hand Weapons
 a - a +0 war axe (weapon)
Armour
 b - a +0 scale mail (worn)
 c - a +0 shield (worn)
Scrolls
 i - a scroll of teleportation {unknown}
 m - a scroll of enchant armour {unknown}
 n - a scroll of magic mapping {unknown}
Potions
 d - a potion of might
 e - a potion of brilliance {unknown}
 h - a potion of resistance {unknown}
 j - 2 potions of degeneration {unknown}
 l - 2 potions of lignification {unknown}
 o - a potion of cure mutation {unknown}
Comestibles
 f - 3 bread rations
 k - 5 fruits


   Skills:
 + Level 3.8 Fighting
 * Level 2.6 Axes
 + Level 3.7 Armour
 + Level 3.8 Shields


You had 3 spell levels left.
You didn't know any spells.

Dungeon Overview and Level Annotations

Branches:
Dungeon (3/15)

Altars:
Okawaru


Innate Abilities, Weirdness & Mutations

You are resistant to torment.
Your stone body is resilient. (AC +3)
You are immune to poison.
You resist negative energy. (rN+)
You are resistant to electric shocks. (rElec)
You can survive without breathing.
You are immune to petrification.
You are immune to rotting.


Message History

Found a tubular peridot ring.
You miss the bat.
The bat is moderately wounded.
You completely miss the rat. The bat hits you but does no damage.
You block the rat's attack. x2
You slash the rat!
You kill the rat!
Okawaru accepts your kill. The bat hits you but does no damage.
A rat comes into view.
The bat hits you but does no damage. You block the bat's attack.
The ogre hits you with a giant spiked club!
Ouch! That really hurt!
Your shield prevents you from hitting the bat.
The bat is moderately wounded.
You closely miss the ogre. You block the bat's attack.
The ogre hits you with a giant spiked club!
Ouch! That really hurt!
You die...

#...............
#.....=.........
#.......r(......
#...............
#...............
#............!..
#.....O??.......
#......@........
#.#.###..†....##
#b####### #.#
#.# #.# #.# #<#
###


You could see an ogre, a bat and a rat.

Vanquished Creatures
  2 adders (D:2)
  An ooze (D:1)
  A worm (D:2)
  A dart slug (D:1)
  3 leopard geckos (D:1)
  8 bats
  A giant cockroach (D:1)
  7 goblins
  A hobgoblin (D:2)
  A quokka (D:2)
  A frilled lizard (D:2)
  3 kobolds
  3 rats
33 creatures vanquished.

Notes
Turn   | Place    | Note
-------+----------+-------------------------------------------
     0 | D:1      | Danakh the Gargoyle Fighter began the quest for the Orb.
     0 | D:1      | Reached XP level 1. HP: 14/14 MP: 1/1
    61 | D:1      | Reached XP level 2. HP: 18/19 MP: 2/2
   376 | D:1      | Reached XP level 3. HP: 23/23 MP: 3/3
   961 | D:2      | Found an iron altar of Okawaru.
   970 | D:2      | Became a worshipper of Warmaster Okawaru
   997 | D:2      | Reached XP level 4. HP: 18/29 MP: 4/4
  1278 | D:3      | Noticed an ogre
  1283 | D:3      | Slain by an ogre

Skill      XL: |  1 |
---------------+----+-----
Axes           | 2 |  2.6
Fighting       | |  3.8
Armour         | |  3.7
Shields        | |  3.8

Action                   |  1- 3 |  4- 6 || total
-------------------------+-------+-------++-------
Melee: War axe           |    79 |    10 ||    89
  Eat: Chunk             |       |     1 ||     1
Armor: Scale mail        |    41 |    11 ||    52
Dodge: Dodged            |    24 |     4 ||    28
Block: Shield            |    49 |    10 ||    59
